 Dungeon Crawl Stone Soup version 0.20.0-7-g3b7b877 (webtiles) character file.

93549 rodrick the Sharpshooter (level 16, -3/100 HPs)
             Began as a Kobold Hunter on May 30, 2017.
             Was the Champion of Okawaru.
             Slain by a jumping spider (4 damage)
             ... on level 1 of the Spider Nest.
             The game lasted 01:50:40 (19911 turns).

rodrick the Sharpshooter (Kobold Hunter)           Turns: 19911, Time: 01:50:41

Health: -3/100     AC: -12   Str: 10    XL:     16   Next: 15%
Magic:  21/21      EV:  7    Int: 16    God:    Okawaru [******]
Gold:   907        SH:  0    Dex: 26    Spells: 15/15 levels left

rFire    + . .     SeeInvis .   b - +10 demon whip of Tadauxudgha {venom, Stlth+}
rCold    + . .     Gourm    .   (shield restricted)
rNeg     + . .     Faith    .   s - +12 crystal plate armour of the Grue {rPois rC+}
rPois    +         Spirit   .   (no helmet)
rElec    +         Reflect  .   F - +1 cloak of Starlight {rElec rC+ EV+4 Stlth--}
rCorr    .         Harm     .   x - +0 pair of gloves
MR       +....                  H - +2 pair of boots {run}
Stlth    ..........             I - amulet "Arrione" {Regen+ Int+4}
Regen    0.7/turn               C - ring of fire
MPRegen  0.2/turn               L - ring "Loow Mint" {rN+ Dex+4}

@: corroded, hasted, very quick
A: carnivore 3
}: 1/15 runes: decaying
a: Heroism, Finesse, Renounce Religion


You were on level 1 of the Spider Nest.
You worshipped Okawaru.
Okawaru was exalted by your worship.
You were completely stuffed.

You visited 5 branches of the dungeon, and saw 24 of its levels.
You also visited: Ice Cave.

You collected 1493 gold pieces.
You spent 586 gold pieces at shops.

Inventory:

Hand Weapons
 a - the +7 triple crossbow of the Endless Expanse {freeze, Str+4 Dex+3 Stlth+}
   (You acquired it on level 7 of the Dungeon)

   It causes projectiles fired from it to freeze those they strike, causing
   extra injury to most foes and up to half again as much damage against
   particularly susceptible opponents.
   They can also slow down cold-blooded creatures.
   It affects your strength (+4).
   It affects your dexterity (+3).
   It makes you more stealthy.
 b - the +10 demon whip of Tadauxudgha (weapon) {venom, Stlth+}
   (You found it in an ice cave)

   It poisons the flesh of those it strikes.
   It makes you more stealthy.
Missiles
 c - 91 bolts
Armour
 s - the +12 crystal plate armour of the Grue (worn) {rPois rC+}
   (Okawaru gifted it to you on level 11 of the Dungeon)

   It protects you from cold.
   It protects you from poison.
 x - a +0 pair of gloves (worn)
 F - the +1 cloak of Starlight (worn) {rElec rC+ EV+4 Stlth--}
   (You acquired it on level 9 of the Dungeon)

   It affects your evasion (+4).
   It protects you from cold.
   It insulates you from electricity.
   It makes you much less stealthy.
 H - a +2 pair of boots of running (worn)
Jewellery
 C - a ring of fire (left hand)
 I - the amulet "Arrione" (around neck) {Regen+ Int+4}
   (You found it on level 8 of the Dungeon)

   [amulet of regeneration]

   It affects your intelligence (+4).
   It increases your rate of regeneration.
 L - the ring "Loow Mint" (right hand) {rN+ Dex+4}
   (You bought it in a shop on level 8 of the Dungeon)

   [ring of positive energy]

   It affects your dexterity (+4).
   It protects you from negative energy.
Wands
 j - a wand of confusion (22/48)
 q - a wand of disintegration (1/24)
 u - a wand of iceblast (7/15)
 y - a wand of iceblast (6/15)
 D - a wand of scattershot (3/9)
 G - a wand of digging (11/24)
 K - a wand of clouds (3/9)
 O - a wand of paralysis (9/24)
 P - a wand of confusion (20/48)
 Q - a wand of lightning (5/15)
Scrolls
 e - a scroll of enchant armour
 i - 2 scrolls of recharging
 l - 2 scrolls of fog
 m - 2 scrolls of enchant weapon
 n - 3 scrolls of identify
 o - 4 scrolls of teleportation
 p - 8 scrolls of remove curse
 w - 6 scrolls of amnesia
 E - a scroll of blinking
Potions
 g - 3 potions of invisibility
 k - 9 potions of curing
 r - a potion of heal wounds
 t - a potion of berserk rage
 v - a potion of haste
 z - 2 potions of flight
 A - 2 potions of might
 B - 4 potions of brilliance
 J - 2 potions of agility
 S - a potion of ambrosia
 T - a potion of cancellation
Comestibles
 f - 3 meat rations
 h - 13 royal jellies


   Skills:
 + Level 11.0 Fighting
   Level 10.1 Short Blades
 * Level 8.1 Maces & Flails
 * Level 17.0 Crossbows
 * Level 9.9 Armour
 - Level 10.0 Dodging
 - Level 10.3 Stealth
 - Level 7.6 Invocations
 - Level 5.5 Evocations


You had 15 spell levels left.
You didn't know any spells.

Dungeon Overview and Level Annotations

Branches:
Dungeon (12/15)            Temple (1/1) D:6            Lair (5/6) D:11
  Swamp (4/4) Lair:4       Spider (2/4) Lair:3        Slime (0/5) Lair:5
    Orc (0/2) D:9

Altars:
Ashenzari
Cheibriados
Dithmenos
Elyvilon
Fedhas
Gozag
Hepliaklqana
Kikubaaqudgha
Makhleb
Nemelex Xobeh
Okawaru
Qazlal
Ru
Sif Muna
Trog
Uskayaw
Vehumet
Xom
Yredelemnul
Zin
The Shining One
Beogh
Jiyva

Shops:
D:8 *=?   D:9 (*

Annotations:
D:3 AverageBear's ghost, weakling DEFi; Crazy Yiuf


Innate Abilities, Weirdness & Mutations

You are small and have problems with some larger weapons.
You are carnivorous and can eat meat at any time.


Message History

The +7 triple crossbow of the Endless Expanse {freeze, Str+4 Dex+3 Stlth+} stops glowing.
The +10 demon whip of Tadauxudgha {venom, Stlth+} begins to drip with poison!
b - the +10 demon whip of Tadauxudgha (weapon)
{venom, Stlth+} The jumping spider hisses angrily.
The jumping spider leaps!
A tarantella comes into view.
The tarantella hisses angrily.
The jumping spider pounces on you!! The jumping spider bites you.
You are too injured to fight recklessly!
You closely miss the jumping spider. The jumping spider pounces on you!
* * * LOW HITPOINT WARNING * * *
The jumping spider closely misses you.
There is a stone staircase leading down here.
The jumping spider pounces on you!
* * * LOW HITPOINT WARNING * * *
The jumping spider completely misses you.
You feel yourself speed up. The jumping spider pounces on you!
* * * LOW HITPOINT WARNING * * *
The jumping spider bites you.
You die...

... #. .. ...##..
.#.... .. ..#...
.#.... ...
##...###....##
....#....#.#.....
#..#..#.......#.
#....#.........
#..s..s..#######
#.....#@##.....[
#...............
#.............#
#..##.#^..##..^
......##^...# #.
#..#### #.######
.... #.#....####
..#...
#.........# ....#
####......^.#


You could see a jumping spider and a tarantella.

Vanquished Creatures
  Kirke (Swamp:1)
  An azure jelly (Swamp:4)
  3 entropy weavers
  The ghost of korthal the Cleaver, a journeyman DsAK of Lugonu (D:11)
  The ghost of Liimbo the Nimble, a journeyman TeAE of Sif Muna (D:11)
  Josephine (Lair:4)
  7 hydras
  3 ice dragons (Swamp:4)
  2 centaur warriors (D:9)
  4 two-headed ogres
  3 alligators
  A queen ant (Spider:1)
  7 death yaks
  Urug (Lair:2)
  Sonja (Lair:4)
  2 spriggan druids (Swamp:4)
  A shambling mangrove (Swamp:4)
  A swamp dragon (Swamp:4)
  An orb spider (Spider:2)
  An ugly thing (D:11)
  4 wolf spiders
  Psyche (D:9)
  A black mamba (Lair:1)
  2 ice statues (IceCv)
  A gargoyle (D:10)
  A torpor snail (Spider:2)
  12 spiny frogs
  A kobold demonologist (D:11)
  A rime drake (Lair:4)
  4 freezing wraiths (Swamp:4)
  6 komodo dragons
  9 ice devils (IceCv)
  A troll (D:11)
  2 demonic crawlers
  6 jumping spiders
  11 slime creatures
  A queen bee (D:8)
  2 tyrant leeches (Swamp:4)
  2 bog bodies
  11 hornets
  5 blink frogs (Lair:1)
  6 hippogriffs
  A dream sheep (Lair:4)
  19 redbacks
  6 tarantellas
  7 spriggans
  A wyvern (Lair:4)
  26 yaks
  3 wraiths (Lair:4)
  4 hogs (Swamp:1)
  8 vampire mosquitoes (Swamp:4)
  A hungry ghost (D:11)
  A basilisk (Lair:2)
  5 swamp worm simulacra (Swamp:4)
  15 soldier ants
  An acid dragon (D:11)
  8 water moccasins
  16 swamp worms
  17 hydra simulacra (Swamp:4)
  11 porcupines
  2 sky beasts
  An ice beast (D:10)
  2 swamp drakes (Swamp:4)
  5 black bears
  4 necrophages (Lair:5)
  A phantom (D:10)
  7 ogres
  26 wolves (Lair:2)
  10 centaurs
  8 crocodiles
  2 big kobolds
  14 bullfrogs
  A gnoll sergeant (D:9)
  A wyvern zombie (D:7)
  3 scorpions
  A water moccasin skeleton (D:4)
  25 killer bees
  7 wights
  An electric eel (Lair:4)
  5 crimson imps
  2 centaur zombies
  4 hounds
  A quasit (D:7)
  2 orc priests (D:9)
  A jelly (D:8)
  9 orc wizards
  3 bullfrog skeletons
  Ijyb (D:5)
  5 iguanas
  19 worker ants
  2 killer bee zombies
  A howler monkey zombie (D:7)
  A worker ant zombie (D:9)
  7 gnolls
  2 howler monkey skeletons
  9 adders
  6 shadow imps
  7 white imps (IceCv)
  A worker ant simulacrum (D:9)
  11 ufetubi (IceCv)
  3 swamp drake simulacra (Swamp:4)
  3 adder skeletons
  3 worms
  2 dart slugs
  4 leopard geckos
  36 orcs
  3 giant cockroaches
  8 goblins
  6 hobgoblins
  21 jackals
  31 kobolds
  A quokka (D:2)
  A ball python (D:5)
  3 bats
  2 frilled lizards (D:5)
  A giant cockroach zombie (D:5)
  A leopard gecko skeleton (D:7)
  6 rats
  A fungus (D:4)
639 creatures vanquished.

Vanquished Creatures (others)
  A reaper (IceCv)
  A deep elf mage (D:12)
  A troll (D:12)
  A hungry ghost (D:12)
  4 vampire mosquitoes
  An ogre (D:12)
  A wyvern zombie (D:12)
  An iguana (D:11)
  A worker ant (D:12)
  A white imp (IceCv)
  An ufetubus (IceCv)
  20 fungi (D:11)
  14 plants
48 creatures vanquished.

Grand Total: 687 creatures vanquished

Notes
Turn   | Place    | Note
-------+----------+-------------------------------------------
     0 | D:1      | rodrick the Kobold Hunter began the quest for the Orb.
     0 | D:1      | Reached XP level 1. HP: 12/12 MP: 1/1
    55 | D:1      | Reached skill level 5 in Crossbows
   102 | D:1      | Reached XP level 2. HP: 17/17 MP: 2/2
   209 | D:1      | Reached XP level 3. HP: 21/22 MP: 3/3
   661 | D:2      | Found a burning altar of Makhleb.
  1211 | D:2      | Found a sacrificial altar of Ru.
  1368 | D:3      | Reached skill level 6 in Crossbows
  1393 | D:3      | Found a shattered altar of Ashenzari.
  1485 | D:3      | Reached XP level 4. HP: 27/27 MP: 4/4
  1517 | D:3      | Noticed AverageBear's ghost (weakling DEFi)
  1547 | D:2      | Reached skill level 1 in Armour
  1870 | D:3      | Found a runed door.
  1878 | D:3      | Noticed Crazy Yiuf
  1932 | D:4      | Reached XP level 5. HP: 18/32 MP: 5/5
  2042 | D:4      | Noticed an ogre
  2063 | D:4      | Killed an ogre
  2063 | D:4      | Reached skill level 1 in Short Blades
  2063 | D:4      | Reached XP level 6. HP: 15/37 MP: 6/6
  2194 | D:4      | Reached skill level 7 in Crossbows
  2530 | D:4      | Reached XP level 7. HP: 33/41 MP: 7/7
  3008 | D:5      | Entered Level 5 of the Dungeon
  3523 | D:5      | Noticed Ijyb
  3534 | D:5      | Killed Ijyb
  4323 | D:6      | Reached XP level 8. HP: 39/48 MP: 8/8
  4439 | D:6      | Reached skill level 8 in Crossbows
  4601 | D:6      | Found a staircase to the Ecumenical Temple.
  4609 | Temple   | Entered the Ecumenical Temple
  4705 | Temple   | Became a worshipper of Warmaster Okawaru
  5138 | D:6      | Reached skill level 5 in Stealth
  5158 | D:6      | Found an iron altar of Okawaru.
  5627 | D:7      | Reached XP level 9. HP: 53/53 MP: 9/9
  5656 | D:7      | Reached skill level 5 in Fighting
  5656 | D:7      | Reached skill level 5 in Short Blades
  5706 | D:7      | Identified a +0 pair of boots of running (You found it on level 7 of the Dungeon)
  5706 | D:7      | Identified a scroll of acquirement
  5709 | D:7      | Got an encrusted triple crossbow
  5710 | D:7      | Identified the +7 triple crossbow of the Endless Expanse {freeze, Str+4 Dex+3 Stlth+} (You acquired it on level 7 of the Dungeon)
  5966 | D:7      | Reached * piety under Okawaru
  5966 | D:7      | Reached skill level 9 in Crossbows
  5966 | D:7      | Reached skill level 5 in Dodging
  6444 | D:8      | Noticed a two-headed ogre
  6591 | D:8      | Found a radiant altar of Vehumet.
  6591 | D:8      | Noticed a hippogriff
  6592 | D:8      | Killed a hippogriff
  6595 | D:8      | Got a scorched bronze amulet
  6597 | D:8      | Identified the amulet "Arrione" {Regen+ Int+4} (You found it on level 8 of the Dungeon)
  6605 | D:8      | Found a white marble altar of Elyvilon.
  6752 | D:8      | Noticed a two-headed ogre
  6794 | D:8      | Killed a two-headed ogre
  6794 | D:8      | Reached ** piety under Okawaru
  6794 | D:8      | Reached XP level 10. HP: 59/59 MP: 10/10
  6802 | D:8      | Killed a two-headed ogre
  6802 | D:8      | Reached *** piety under Okawaru
  6802 | D:8      | Reached skill level 10 in Crossbows
  6884 | D:8      | Found Motokhle's Jewellery Boutique.
  6892 | D:8      | Bought a cursed ring of loudness for 63 gold pieces
  6892 | D:8      | Bought the ring "Loow Mint" {rN+ Dex+4} for 495 gold pieces
  6909 | D:8      | Found Wyseneamya's General Store.
  7141 | D:8      | Received a gift from Okawaru
  7310 | D:8      | Received a gift from Okawaru
  7381 | D:8      | Reached skill level 1 in Evocations
  7429 | D:8      | Found Doraxur's Magic Scroll Boutique.
  7432 | D:8      | Bought a scroll of identify for 28 gold pieces
  7892 | D:9      | Found Zin's Purification Station.
  7894 | D:9      | Found a glowing silver altar of Zin.
  7897 | D:9      | Reached **** piety under Okawaru
  8001 | D:9      | Reached XP level 11. HP: 52/66 MP: 11/11
  8107 | D:9      | Found a shimmering altar of Xom.
  8137 | D:9      | Found Diry's Weapon Shoppe.
  8140 | D:9      | Noticed Psyche
  8147 | D:9      | Killed Psyche
  8193 | D:9      | Found a staircase to the Orcish Mines.
  8325 | D:9      | Noticed a two-headed ogre
  8330 | D:9      | Killed a two-headed ogre
  8330 | D:9      | Reached skill level 11 in Crossbows
  8430 | D:9      | Noticed a two-headed ogre
  8458 | D:9      | Killed a two-headed ogre
  8458 | D:9      | Reached ***** piety under Okawaru
  8458 | D:9      | Reached skill level 10 in Stealth
  8518 | D:9      | Found a roughly hewn altar of Beogh.
  8698 | D:9      | Noticed a centaur warrior
  8746 | D:9      | Killed a centaur warrior
  8826 | D:9      | Received a gift from Okawaru
  8826 | D:9      | Reached skill level 10 in Short Blades
  8845 | D:9      | Noticed a centaur warrior
  8845 | D:9      | Noticed a deep troll
  8947 | D:9      | Killed a centaur warrior
  8947 | D:9      | Reached skill level 12 in Crossbows
  9027 | D:9      | HP: 1/67 [deep troll (20)]
  9150 | D:10     | Entered Level 10 of the Dungeon
  9253 | D:10     | Found an opulent altar of Gozag.
  9748 | D:10     | Reached XP level 12. HP: 65/72 MP: 13/13
  9853 | D:10     | Found a deep blue altar of Sif Muna.
  9985 | D:11     | Noticed Liimbo's ghost (journeyman TeAE)
 10124 | D:11     | Noticed korthal's ghost (journeyman DsAK)
 10254 | D:11     | Received a gift from Okawaru
 10257 | D:11     | Got a spiked crystal plate armour {god gift}
 10268 | D:11     | Identified the +12 crystal plate armour of the Grue {rPois rC+} (Okawaru gifted it to you on level 11 of the Dungeon)
 10381 | D:11     | Reached skill level 1 in Invocations
 10388 | D:11     | Killed korthal's ghost
 10388 | D:11     | Reached skill level 10 in Dodging
 10405 | D:11     | Killed Liimbo's ghost
 10405 | D:11     | Reached skill level 13 in Crossbows
 10442 | D:11     | Found a staircase to the Lair.
 10546 | D:11     | Found a blossoming altar of Fedhas.
 11102 | Lair:1   | Entered Level 1 of the Lair of Beasts
 11223 | Lair:1   | Reached skill level 5 in Armour
 11391 | Lair:1   | Noticed a six-headed hydra
 11626 | Lair:1   | Reached XP level 13. HP: 79/79 MP: 13/16
 11651 | Lair:1   | Killed a six-headed hydra
 12018 | Lair:2   | Found a frozen archway.
 12030 | Lair:2   | Received a gift from Okawaru
 12044 | Lair:2   | Reached skill level 5 in Evocations
 12052 | IceCv    | Entered an ice cave
 12441 | IceCv    | Killed a reaper
 12489 | IceCv    | Reached skill level 14 in Crossbows
 12600 | IceCv    | Got a jewelled demon whip
 12601 | IceCv    | Identified the +10 demon whip of Tadauxudgha {venom, Stlth+} (You found it in an ice cave)
 12728 | Lair:2   | Reached skill level 1 in Maces & Flails
 13134 | Lair:2   | Noticed Urug
 13192 | Lair:2   | Killed Urug
 13609 | Lair:3   | Received a gift from Okawaru
 13863 | Lair:3   | Noticed a six-headed hydra
 13896 | Lair:3   | Killed a six-headed hydra
 13896 | Lair:3   | Reached ****** piety under Okawaru
 13896 | Lair:3   | Reached skill level 5 in Invocations
 14084 | Lair:3   | Found a hole to the Spider Nest.
 14616 | Lair:4   | Noticed an eight-headed hydra
 14623 | Lair:4   | Killed an eight-headed hydra
 14623 | Lair:4   | Reached XP level 14. HP: 86/86 MP: 18/18
 14776 | Lair:4   | Noticed Sonja
 14779 | Lair:4   | Killed Sonja
 14866 | Lair:4   | Found a staircase to the Swamp.
 15044 | Lair:4   | Reached skill level 15 in Crossbows
 15164 | Lair:4   | Noticed Josephine
 15171 | Lair:4   | Killed Josephine
 15376 | Lair:5   | Received a gift from Okawaru
 15558 | Lair:4   | Received a gift from Okawaru
 15582 | Lair:4   | Got a faintly glowing plate armour {god gift}
 15593 | Lair:4   | Identified the +8 plate armour "Kihekhlu" {rElec rC+++ rN+ Str-2} (Okawaru gifted it to you on level 4 of the Lair of Beasts)
 15645 | Lair:5   | Reached skill level 5 in Maces & Flails
 15888 | Lair:5   | Found a viscous altar of Jiyva.
 15888 | Lair:5   | Found a staircase to the Slime Pits.
 16352 | Spider:1 | Entered Level 1 of the Spider Nest
 16386 | Spider:1 | Noticed an entropy weaver
 16387 | Spider:1 | Noticed an entropy weaver
 16411 | Spider:1 | Killed an entropy weaver
 16411 | Spider:1 | Reached skill level 10 in Fighting
 16443 | Lair:3   | Paralysed by a hornet for 1 turns
 16718 | Swamp:1  | Entered Level 1 of the Swamp
 16821 | Swamp:2  | Noticed Kirke
 16888 | Swamp:1  | Killed Kirke
 17049 | Swamp:3  | Reached XP level 15. HP: 92/92 MP: 18/20
 17063 | Swamp:4  | Entered Level 4 of the Swamp
 17215 | Swamp:4  | Reached skill level 16 in Crossbows
 17231 | Swamp:4  | Received a gift from Okawaru
 17247 | Swamp:4  | Paralysed by a hornet for 2 turns
 17281 | Swamp:4  | Received a gift from Okawaru
 17284 | Swamp:4  | Got a pair of crude boots {god gift}
 17295 | Swamp:4  | Identified the +1 pair of boots of Midnight {Regen+ Dex+3} (Okawaru gifted it to you on level 4 of the Swamp)
 18506 | Swamp:4  | Noticed an azure jelly
 18513 | Swamp:4  | Killed an azure jelly
 18699 | Swamp:4  | Got a decaying rune of Zot
 19509 | Spider:2 | Reached XP level 16. HP: 99/99 MP: 18/21
 19593 | Spider:2 | Received a gift from Okawaru
 19686 | Spider:2 | Reached skill level 17 in Crossbows
 19786 | Spider:2 | Received a gift from Okawaru
 19911 | Spider:1 | HP: 1/100 [jumping spider (15)]
 19911 | Spider:1 | Slain by a jumping spider

Skill      XL: |  1  2  3  4  5  6  7  8  9 10 11 12 13 14 15 16 |
---------------+-------------------------------------------------+-----
Crossbows      | 5 6 7 8 9 10 12 13 14 15 16 17 | 17.0
Armour         | 1 2 3 5 7 8 9 |  9.9
Fighting       | 3 4 5 6 7 8 9 10 11 | 11.0
Short Blades   | 1 2 3 4 7 9 10 | 10.1
Dodging        | 3 4 5 7 9 10 | 10.0
Stealth        | 2 3 5 7 9 10 | 10.3
Evocations     | 1 4 5 |  5.5
Invocations    | 3 5 6 7 |  7.6
Maces & Flails | 3 6 7 8 |  8.1

Action                   |  1- 3 |  4- 6 |  7- 9 | 10-12 | 13-15 | 16-18 || total
-------------------------+-------+-------+-------+-------+-------+-------++-------
Melee: Short sword       |    15 |       |       |       |       |       ||    15
       Dagger            |    49 |    80 |   435 |   629 |    37 |       ||  1230
       Punch             |       |       |       |     4 |       |       ||     4
       Demon whip        |       |       |       |       |   756 |    77 ||   833
 Fire: Hand crossbow     |    49 |    41 |    59 |       |       |       ||   149
       Triple crossbow   |       |       |     9 |   206 |   398 |    27 ||   640
Invok: Heroism           |       |       |     1 |    10 |    18 |     1 ||    30
       Finesse           |       |       |       |       |     3 |       ||     3
Evoke: Wand              |       |     1 |     1 |    11 |       |       ||    13
  Use: Scroll            |       |    13 |     9 |    13 |    15 |     1 ||    51
       Potion            |       |       |     2 |     3 |     5 |     2 ||    12
 Stab: Sleeping          |     3 |     1 |    14 |    11 |       |       ||    29
       Distracted        |       |       |     1 |     1 |       |       ||     2
       Invisible         |       |       |     6 |     5 |       |       ||    11
       Held in net/web   |       |       |       |       |     3 |       ||     3
  Eat: Chunk             |    10 |     3 |    14 |    20 |    25 |     1 ||    73
Armor: Leather armour    |    16 |    12 |    61 |     4 |       |       ||    93
       Robe              |       |       |       |    40 |       |       ||    40
       Crystal plate arm |       |       |       |    68 |  1150 |    88 ||  1306
Dodge: Dodged            |    42 |    49 |   239 |   524 |   533 |    42 ||  1429
Block: Buckler           |       |       |       |       |     3 |       ||     3
